 Dungeon Crawl Stone Soup version 0.27.0-1-g7a089689b8 (webtiles) character file.

Game seed: 9278246407535923250

59 fiver49 the Slasher (level 4, -2/33 HPs)
             Began as a Formicid Warper on Aug 2, 2021.
             Slain by Grinder (5 damage)
             ... on level 3 of the Dungeon.
             The game lasted 00:04:12 (2540 turns).

fiver49 the Slasher (Formicid Warper)               Turns: 2540, Time: 00:04:12

Health: -2/33      AC:  7    Str: 17    XL:     4   Next: 22%
Magic:  7/7        EV:  9    Int: 12    God:
Gold:   122        SH:  7    Dex: 16    Spells: 7/7 levels left

rFire    + + .     SeeInvis +   a - +0 falchion
rCold    + . .     Faith    .   g - +0 kite shield
rNeg     . . .     Spirit   .   f - +2 leather armour {rF+}
rPois    +         Reflect  .   (helmet unavailable)
rElec    +         Harm     .   (no cloak)
rCorr    +         Rampage  .   n - +0 pair of gloves
Will     .....                  i - +0 pair of boots
Stlth    +.........             (no amulet)
HPRegen  0.11/turn              r - +6 ring of dexterity
MPRegen  0.10/turn              (no ring)

@: resistant, flying
A: permanent stasis, dig shafts and tunnels, antennae 3, four strong arms, claws
1, poison resistance, evolution 1
a: Dig, Shaft Self


You were on level 3 of the Dungeon.
You visited 1 branch of the dungeon, and saw 3 of its levels.

You collected 122 gold pieces.

Inventory:

Hand Weapons
 a - a +0 falchion (weapon)
Missiles
 c - 5 boomerangs of dispersal
 m - a throwing net
Armour
 b - a +0 leather armour
 e - a +0 ring mail
 f - a +2 leather armour of fire resistance (worn)
 g - a +0 kite shield (worn)
 i - a +0 pair of boots (worn)
 n - a +0 pair of gloves (worn)
 s - a +0 plate armour
Jewellery
 q - a ring of flight
 r - a +6 ring of dexterity (left hand)
Scrolls
 j - 2 scrolls of identify {unknown}
 k - a scroll of enchant weapon {unknown}
 l - a scroll of vulnerability {unknown}


   Skills:
 - Level 2.1 Fighting
 + Level 4.2 Long Blades
 - Level 1.0 Throwing
 - Level 1.1 Armour
 - Level 1.7 Dodging
 - Level 2.1 Spellcasting
 - Level 2.6 Translocations


You had 7 spell levels left.
You didn't know any spells.
Your spell library contained the following spells:

 Spells                   Type           Power      Damage    Failure   Level
 Gell's Gravitas          Tloc           3%         N/A       92%         3
 Lesser Beckoning         Tloc           3%         N/A       92%         3
 Teleport Other           Tloc           7%         N/A       92%         3
 Dazzling Flash           Conj/Hex       2%         N/A       100%        3
 Agony                    Necr           1%         N/A       100%        5
 Manifold Assault         Tloc           7%         N/A       100%        5
 Silence                  Hex/Air        0%         N/A       100%        5
 Dispersal                Tloc           3%         N/A       100%        6
 Blink                    Tloc           Unusable   N/A       N/A         2

Dungeon Overview and Level Annotations

Branches:
Dungeon (3/15)

Altars:

Annotations:
D:2 Terence
D:3 Grinder


Innate Abilities, Weirdness & Mutations

You cannot be hasted, slowed, berserked, paralysed or teleported.
You can dig through walls and to a lower floor.
You have a pair of large antennae on your head. (SInv)
Your four strong arms can wield two-handed weapons with a shield.
You have sharp fingernails.
Your system is resistant to poisons. (rPois)
You evolve.


Message History

You aren't carrying any items that you can evoke.
You aren't carrying any items that you can evoke.
You feel agile.
r - a +6 ring of dexterity (left hand)
You hit Grinder.
Grinder is lightly wounded.
Grinder blinks!
Grinder gestures at you. Pain shoots through your body! Grinder hits you.
You writhe in agony.
You closely miss Grinder.
Grinder is lightly wounded.
Grinder hits you.
You writhe in agony.
Your shield prevents you from hitting Grinder.
Grinder is lightly wounded.
Grinder gestures at you. Pain shoots through your body!
* * * LOW HITPOINT WARNING * * *
You block Grinder's attack.
Press: ? - help, v - describe, . - travel
Here: Grinder (lightly wounded)
The floor.
Unknown command.
Okay, then.
It was a potion of resistance.
You feel protected.
It was a potion of curing.
You feel better. Grinder hits you.
You writhe in agony.
It was a potion of flight.
You feel very buoyant.
You fly up into the air.
Grinder hits you!
* * * LOW HITPOINT WARNING * * *
You writhe in agony.
* * * LOW HITPOINT WARNING * * *
It was a potion of mutation.
You feel extremely strange.
Your fingernails lengthen.
You feel nature experimenting on you.
Don't worry, failures die fast.
You feel resistant to poisons. Grinder hits you.
You die...

#####..........♣
#..........♣
#.......##♣♣ #.......#
#.......# #.##....####
#.#........#######
#................# ###
#.......@........#....
#......5..............
...#.......#......#...
.###.......#......#
..........####..##
##########.......# {
....#..# ....+..#
....##.#


You could see Grinder.

Vanquished Creatures
  An adder (D:2)
  A dart slug (D:1)
  7 bats
  8 endoplasms
  A giant cockroach (D:1)
  6 goblins
  3 hobgoblins
  4 jackals (D:1)
  2 kobolds
  3 quokkas (D:2)
  5 ball pythons
  A rat (D:1)
42 creatures vanquished.

Vanquished Creatures (others)
  13 plants
13 creatures vanquished.

Grand Total: 55 creatures vanquished

Notes
Turn   | Place    | Note
-------+----------+-------------------------------------------
     0 | D:1      | fiver49 the Formicid Warper began the quest for the Orb.
     0 | D:1      | Reached XP level 1. HP: 16/16 MP: 3/3
   189 | D:1      | Reached XP level 2. HP: 21/22 MP: 5/5
   254 | D:1      | Reached skill level 3 in Long Blades
   507 | D:1      | Reached XP level 3. HP: 24/27 MP: 6/6
   621 | D:1      | Found a faded altar of an unknown god.
  1082 | D:2      | HP: 1/27 [poisoned by an adder]
  1531 | D:2      | Reached skill level 4 in Long Blades
  1531 | D:2      | Reached XP level 4. HP: 29/33 MP: 7/7
  1751 | D:2      | Noticed Terence
  2520 | D:3      | Noticed Grinder
  2540 | D:3      | Gained mutation: You have sharp fingernails. [potion of
                  | mutation]
  2540 | D:3      | Gained mutation: You evolve. [potion of mutation]
  2540 | D:3      | Gained mutation: Your system is resistant to poisons.
                  | (rPois) [potion of mutation]
  2540 | D:3      | Slain by Grinder

Illustrated notes

Levels and vault maps discovered:
D:1:      dpeg_arrival_stone_temple_mockup, layout_basic,
          shapermc_ecumenical_altar_mp_ritualfount, minmay_misc_feat_tower,
          nrook_mini_backslash, minmay_misc_feat_more_columns
D:2:      layout_basic, kennysheep_donut, minivault_24, serial_bayou_pond_c,
          uniq_terence
D:3:      layout_basic, minmay_misc_feat_nine_boxes, uniq_grinder,
          uniq_crazy_yiuf_cottage

Skill      XL: |  1  2  3 |
---------------+----------+-----
Long Blades    | 3 4 |  4.2
Fighting       | |  2.1
Throwing       | |  1.0
Armour         | |  1.1
Dodging        | |  1.7
Spellcasting   | |  2.1
Translocations | |  2.6

Action                   |  1- 3 |  4- 6 || total
-------------------------+-------+-------++-------
Melee: Falchion          |   124 |    26 ||   150
  Use: Potion            |       |     4 ||     4
Armor: Leather armour    |    67 |     6 ||    73
       Ring mail         |     1 |       ||     1
Dodge: Dodged            |    77 |     7 ||    84
Block: Kite shield       |    25 |     7 ||    32
       Rpst.: Falchion   |    27 |     2 ||    29
